 Dungeon Crawl Stone Soup version 0.18.1-8-gdd0e5ea (webtiles) character file.

123 mistymad the Insei (level 5, -14/45 HPs)
             Began as a Naga Transmuter on May 22, 2016.
             Demolished by a gnoll
             ... wielding a +0 halberd
              (18 damage)
             ... on level 3 of the Dungeon.
             The game lasted 00:12:00 (3754 turns).

mistymad the Insei (Naga Transmuter)                Turns: 3754, Time: 00:12:01

Health: -14/45     AC:  3    Str: 12    XL:     5   Next: 7%
Magic:  1/9        EV: 10    Int: 14    God:
Gold:   72         SH:  0    Dex: 12    Spells: 3 memorised, 3 levels left

rFire  . . .     SeeInvis +       - Unarmed
rCold  . . .     Gourm    .     j - +0 robe (curse)
rNeg   . . .     Faith    .     (no shield)
rPois  +         Spirit   .     (no helmet)
rElec  .         Dismiss  .     k - +0 cloak
rCorr  .         Reflect  .     (no gloves)
SustAt .         Harm     .     (no barding)
MR     .....                    (no amulet)
Stlth  +.........               (no ring)
                                (no ring)

@: appendage, very slightly contaminated, very slow, not resistant to hostile
enchantments, very unstealthy
A: horns 2, see invisible, deformed body, poison resistance, slowness 2, slow
metabolism 1, spit poison 2, AC +1
a: Spit Poison, End Transformation


You were on level 3 of the Dungeon.
You were not hungry.
You had grown temporary horns.
You visited 1 branch of the dungeon, and saw 3 of its levels.

You collected 72 gold pieces.

Inventory:

Missiles
 a - 22 arrows
Armour
 j - a cursed +0 robe (worn)
 k - a +0 cloak (worn)
Scrolls
 b - a scroll of enchant weapon {unknown}
 f - a scroll of noise {unknown}
 g - 2 scrolls of identify {unknown}
 i - a scroll of remove curse {unknown}
 n - 2 scrolls of random uselessness {unknown}
 o - a scroll of immolation {unknown}
 q - a scroll of enchant armour {unknown}
 s - a scroll of fog {unknown}
 w - a scroll of amnesia {unknown}
Potions
 e - a potion of heal wounds {unknown}
 h - a potion of berserk rage {unknown}
 m - a potion of cancellation {unknown}
 p - a potion of curing {unknown}
 r - a potion of lignification {unknown}
 v - a potion of agility {unknown}
Books
 c - a book of Changes

   Spells                             Type                      Level
   a - Beastly Appendage              Transmutation                1
   b - Sticks to Snakes               Transmutation                2
   c - Spider Form                    Transmutation/Poison         3
   d - Ice Form                       Ice/Transmutation            4
   e - Blade Hands                    Transmutation                5
Comestibles
 d - 5 bread rations
 l - a meat ration
 t - a beef jerky


   Skills:
 + Level 2.0 Fighting
 + Level 2.1 Dodging
 + Level 3.6 Unarmed Combat
 + Level 2.9 Spellcasting
 + Level 2.9 Transmutations


You had 3 spell levels left.
You knew the following spells:

 Your Spells              Type           Power        Failure   Level  Hunger
a - Beastly Appendage     Trmt           ##....       10%         1    #......
b - Sticks to Snakes      Trmt           ##......     12%         2    ##.....
c - Spider Form           Trmt/Pois      #.........   38%         3    ###....


Dungeon Overview and Level Annotations

Branches:
Dungeon (3/15)

Altars:
Elyvilon


Innate Abilities, Weirdness & Mutations

You cannot wear boots.
Your serpentine skin is tough (AC +1).
You have supernaturally acute eyesight.
Armour fits poorly on your strangely shaped body.
Your system is resistant to poisons.
You cover ground very slowly.
You have a slow metabolism.
You can spit poison.
You have a pair of horns on your head.


Message History

You see here a spear.
Casting: Spider Form
Confirm with . or Enter, or press ? or * to list all spells.
You don't have enough magic to cast that spell.
Casting: Spider Form
Confirm with . or Enter, or press ? or * to list all spells.
You grow a pair of large bovine horns.
The gnoll hits you with a halberd.
You punch the gnoll!
The gnoll is heavily wounded.
You hit the gnoll. Your headbutt misses the gnoll.
The gnoll is severely wounded.
The gnoll barely misses you.
You hit the gnoll.
The gnoll is almost dead.
The gnoll hits you with a halberd!
* * * LOW HITPOINT WARNING * * *
You hit the gnoll.
The gnoll is almost dead.
The gnoll hits you with a halberd!!
You die...

#######.# g.......#
........# ##
........# #. ### #?#
#. #.# #†## ### #.
#.#
#..##########.####.
#.#
#.g........##...##.
#.#
##@#######..##..##.
#.# #...### #.....<..
#.# ##...># ####..##.
#######.######...####
#..##.
#.........#.........#
##..##
####.#########...####
#...## #.# #...#
#..... #.## #...#
##....
##..########...#
##.#.#


You could see a gnoll.

Vanquished Creatures
  A gnoll (D:3)
  An adder (D:2)
  An ooze (D:2)
  2 worms (D:2)
  A dart slug (D:2)
  2 giant geckos (D:1)
  3 orcs (D:3)
  5 giant cockroaches
  11 goblins
  15 hobgoblins
  3 jackals (D:3)
  11 kobolds
  10 bats
  2 giant newts
  6 rats
74 creatures vanquished.

Vanquished Creatures (collateral kills)
  A gnoll (D:3)
  A kobold (D:2)
2 creatures vanquished.

Grand Total: 76 creatures vanquished

Notes
Turn   | Place    | Note
--------------------------------------------------------------
     0 | D:1      | mistymad the Naga Transmuter began the quest for the Orb.
     0 | D:1      | Reached XP level 1. HP: 18/18 MP: 3/3
   260 | D:1      | Reached XP level 2. HP: 25/25 MP: 3/5
   377 | D:1      | You fall through a shaft!
   678 | D:1      | Learned a level 2 spell: Sticks to Snakes
   745 | D:1      | Reached XP level 3. HP: 4/31 MP: 4/6
  2431 | D:2      | Reached XP level 4. HP: 36/39 MP: 4/7
  2703 | D:2      | Learned a level 3 spell: Spider Form
  2804 | D:2      | Found a white marble altar of Elyvilon.
  3724 | D:3      | Reached XP level 5. HP: 45/45 MP: 1/9
  3754 | D:3      | Demolished by a gnoll

Skill      XL: |  1  2  3  4 |
---------------+-------------+-----
Dodging        | 2 |  2.1
Fighting       | 2 |  2.0
Unarmed Combat | |  3.6
Spellcasting   | |  2.9
Transmutations | |  2.9

Action                   |  1- 3 |  4- 6 || total
-------------------------+-------+-------++-------
Melee: Unarmed           |   154 |   123 ||   277
       Headbutt          |    17 |    14 ||    31
       Punch             |       |     1 ||     1
 Cast: Beastly Appendage |    30 |    20 ||    50
       Sticks to Snakes  |     1 |     4 ||     5
       Spider Form       |       |     3 ||     3
 Abil: Spit Poison       |     2 |       ||     2
 Stab: Sleeping          |     1 |       ||     1
       Distracted        |       |     1 ||     1
  Eat: Chunk             |     4 |     5 ||     9
Armor: Robe              |    45 |    30 ||    75
Dodge: Dodged            |    90 |    85 ||   175
